 Dungeon Crawl Stone Soup version 0.17-a0-2073-gde5cdba (webtiles) character file.

903 pk666 the Chopper (level 7, -1/66 HPs)
             Began as a Minotaur Berserker on Oct 15, 2015.
             Was an Elder of Trog.
             Slain by Prince Ribbit (14 damage)
             ... on level 5 of the Dungeon.
             The game lasted 00:10:27 (4543 turns).

pk666 the Chopper (Minotaur Berserker)              Turns: 4543, Time: 00:10:27

Health: -1/66      AC:  6    Str: 22    XL:     7   Next: 80%
Magic:  6/6        EV: 11    Int:  4    God:    Trog [****..]
Gold:   196        SH:  0    Dex: 11    Spells: 0 memorised, 6 levels left

rFire  . . .     SeeInvis .     a - +0 hand axe
rCold  . . .     Clarity  .     d - +0 ring mail
rNeg   . . .     SustAt   .     (no shield)
rPois  .         Gourm    .     (helmet restricted)
rElec  .         Spirit   .     (no cloak)
rCorr  .         Warding  .     (no gloves)
rMut   .         Stasis   .     (no boots)
MR     .....                    (no amulet)
Stlth  +.........               (no ring)
                                (no ring)

@: exhausted, slowed, very slow, not resistant to hostile enchantments, very
unstealthy
A: retaliatory headbutt, horns 2
a: Burn Spellbooks, Berserk, Trog's Hand, Brothers in Arms, Renounce Religion


You were on level 5 of the Dungeon.
You worshipped Trog.
Trog was greatly pleased with you.
You were very hungry.

You visited 1 branch of the dungeon, and saw 5 of its levels.

You collected 196 gold pieces.

Inventory:

Hand Weapons
 a - a +0 hand axe (weapon)
Armour
 d - a +0 ring mail (worn)
Wands
 r - a wand of random effects (29)
 y - a wand of flame (27)
Scrolls
 g - 3 scrolls of identify {unknown}
 h - a scroll of random uselessness {unknown}
 i - a scroll of recharging {unknown}
 j - 2 scrolls of immolation {unknown}
 m - 2 scrolls of remove curse
 n - a scroll of amnesia {unknown}
 w - 2 scrolls of magic mapping {unknown}
 x - a scroll of enchant armour {unknown}
Potions
 e - a potion of flight {unknown}
 f - a potion of curing {unknown}
 k - a potion of resistance {unknown}
 l - a potion of magic {unknown}
 p - 3 potions of brilliance {unknown}
 q - a potion of poison {unknown}
 s - a potion of heal wounds {unknown}
 t - a potion of berserk rage {unknown}
 v - a potion of lignification {unknown}
Comestibles
 b - a beef jerky
 c - 4 bread rations
 o - 2 meat rations
 u - a fruit
 z - 6 chunks of flesh


   Skills:
 + Level 7.0 Fighting
 + Level 7.4 Axes
 + Level 6.4 Armour
 - Level 2.1 Dodging


You had 6 spell levels left.
You didn't know any spells.

Dungeon Overview and Level Annotations

Branches:
Dungeon (5/15)
 Temple: D:4-7

Altars:

Annotations:
D:5 Prince Ribbit


Innate Abilities, Weirdness & Mutations

You reflexively headbutt those who attack you in melee.
You have a pair of horns on your head.


Message History

Prince Ribbit is heavily wounded.
Prince Ribbit blinks!
You feel a strong urge to attack something.
Found a leather armour.
An ice beast comes into view.
You are no longer berserk.
You are exhausted.
You feel yourself slow down.
You are feeling very hungry.
Prince Ribbit blinks!
Prince Ribbit hits you!
You hit Prince Ribbit.
Prince Ribbit is heavily wounded.
Prince Ribbit hits you! Prince Ribbit hits you.
You hit Prince Ribbit.
Prince Ribbit is severely wounded.
Prince Ribbit hits you!
* * * LOW HITPOINT WARNING * * *
Prince Ribbit hits you!
You die...

##### #...#
#.#.#########
#######.#.........###
#..F@....######.....#
#.Y......# #.....#
#........# #.....#
[..........# ###.###
....######+#########.#
..... ....>##.# ....
#..##.# .... #.....#
#..####


You could see Prince Ribbit and an ice beast.

Vanquished Creatures
  Sigmund (D:2)
  A centaur (D:5)
  An ogre (D:4)
  A big kobold (D:4)
  2 crimson imps
  2 orc wizards
  6 worker ants
  5 adders
  10 gnolls
  2 worms (D:2)
  An adder skeleton (D:4)
  16 orcs
  2 ball pythons
  7 giant cockroaches
  5 hobgoblins (D:1)
  2 quokkas
  5 bats
  5 giant geckos
  4 giant newts
  4 goblins
  3 jackals (D:2)
  8 kobolds
  8 rats
  A bush (D:4)
102 creatures vanquished.

Notes
Turn   | Place    | Note
--------------------------------------------------------------
     0 | D:1      | pk666 the Minotaur Berserker began the quest for the Orb.
     0 | D:1      | Reached XP level 1. HP: 19/19 MP: 0/0
   508 | D:1      | Reached XP level 2. HP: 27/27 MP: 1/1
   710 | D:1      | Reached skill level 4 in Axes
  1457 | D:2      | Reached XP level 3. HP: 19/33 MP: 2/2
  1458 | D:2      | Reached ** piety under Trog
  1950 | D:2      | Reached XP level 4. HP: 28/41 MP: 3/3
  2291 | D:2      | Noticed Sigmund
  2305 | D:2      | Killed Sigmund
  2305 | D:2      | Reached skill level 5 in Fighting
  2305 | D:2      | Reached skill level 5 in Axes
  2305 | D:2      | Reached XP level 5. HP: 46/48 MP: 4/4
  2607 | D:3      | Reached XP level 6. HP: 56/56 MP: 5/5
  3003 | D:3      | Reached skill level 5 in Armour
  3075 | D:3      | Reached skill level 6 in Axes
  3239 | D:3      | Reached *** piety under Trog
  3557 | D:4      | Reached XP level 7. HP: 63/63 MP: 6/6
  4204 | D:4      | Reached skill level 7 in Axes
  4397 | D:5      | Entered Level 5 of the Dungeon
  4512 | D:5      | Reached **** piety under Trog
  4530 | D:5      | Noticed Prince Ribbit
  4543 | D:5      | Slain by Prince Ribbit

Vault maps used:
D:1:      eino_arrival_water_star
D:2:      first_bread, grunt_decor_arrowhead, uniq_sigmund
D:4:      lexackson_kobold_supper
D:5:      serial_shops, nicolae_shop_temple_entry_statues_fountains,
          uniq_menkaure, uniq_eustachio, uniq_prince_ribbit1

Action                   |  1- 3 |  4- 6 |  7- 9 || total
-------------------------+-------+-------+-------++-------
Melee: Hand axe          |    88 |   145 |   124 ||   357
Invok: Berserk           |     1 |     3 |     1 ||     5
  Use: Scroll            |     1 |       |       ||     1
  Eat: Chunk             |     3 |     8 |     3 ||    14
       Pizza             |       |     1 |       ||     1
